 Dungeon Crawl Stone Soup version 0.22-a0-445-g8c8ef71 (webtiles) character file.

154 Gorglomux the Covered (level 5, -7/49 HPs)
             Began as a Deep Dwarf Fighter on June 2, 2018.
             Mangled by an ogre
             ... wielding a +0 giant club
              (20 damage)
             ... on level 4 of the Dungeon.
             The game lasted 00:00:53 (1211 turns).

Gorglomux the Covered (Deep Dwarf Fighter)          Turns: 1211, Time: 00:00:54

Health: -7/49      AC: 17    Str: 20    XL:     5   Next: 13%
Magic:  5/5        EV:  2    Int:  9    God:
Gold:   87         SH:  9    Dex: 12    Spells: 4/4 levels left

rFire    . . .     SeeInvis .   a - +0 war axe
rCold    . . .     Gourm    .   c - +0 shield
rNeg     . . .     Faith    .   o - +0 crystal plate armour
rPois    .         Spirit   .   (no helmet)
rElec    .         Reflect  .   (no cloak)
rCorr    .         Harm     .   m - +0 pair of gloves (curse)
MR       .....                  (no boots)
Stlth    ..........             (no amulet)
HPRegen  0.00/turn              j - +2 ring of evasion
MPRegen  0.09/turn              (no ring)

@: non-regenerating
A: damage resistance, heal wounds, sense surroundings 1, no regeneration
a: Heal Wounds


You were on level 4 of the Dungeon.
You were not hungry.

You visited 1 branch of the dungeon, and saw 4 of its levels.
You also visited: Sewer.

You collected 87 gold pieces.

Inventory:

Hand Weapons
 a - a +0 war axe (weapon)
Armour
 b - a +0 scale mail
 c - a +0 shield (worn)
 m - a cursed +0 pair of gloves (worn)
 o - a +0 crystal plate armour (worn)
Jewellery
 j - a +2 ring of evasion (left hand)
Scrolls
 i - a scroll of identify {unknown}
 p - a scroll of fog {unknown}
 q - a scroll of magic mapping {unknown}
Potions
 d - a potion of might
 h - a potion of invisibility {unknown}
 k - 2 potions of curing {unknown}
 l - a potion of resistance {unknown}
Comestibles
 f - 5 rations
 n - a chunk of flesh


   Skills:
 + Level 3.5 Fighting
 + Level 3.4 Axes
 + Level 4.3 Armour
 + Level 4.2 Shields


You had 4 spell levels left.
You didn't know any spells.
Your spell library was empty.

Dungeon Overview and Level Annotations

Branches:
Dungeon (4/15)
 Temple: D:4-7

Altars:
Dithmenos
Fedhas
Kikubaaqudgha

Shops:
D:4 (


Innate Abilities, Weirdness & Mutations

You are resistant to damage.
You can heal yourself by infusing magical energy.
You passively map a small area around you.
You do not regenerate.


Message History

Your shield and crystal plate armour prevent you from hitting the hound!
The hound is heavily wounded!
Your shield and crystal plate armour prevent you from hitting the ogre!
The hound bites you but does no damage! You block the ogre's attack!
The hound bites you but does no damage!
Unknown command!
You open the hound like a pillowcase!
The hound butts heavily wounded!
You dice the ogre like an butt!
The hound bites butt!
The ogre hits you with a giant club!!! The hound bites you but does no damage!
You dice the ogre like an onion!!!
The ogre is severely wounded!
Butt open the hound like a pillowcase!!!
You annihilate the hound!!!
Butt have reached level 5!!!
The ogre hits you with a giant club!!! * * * don't die
* * * You fail to use your ability!
The ogre hits you with a giant club!!!!!! butt

#################
#...............#######
#.#########...........#
..# #.###.#####. ####
#.# #.# , *
...########.###.#####.#.
................#O...>..
...########.##(.@.....!.
...# * #.......###.##
...# ..........# ...# ,
###.##.#..# ...### *#.
#.#### , , .....),, .
#.# + *, ...### , .
,,... * , .### * , .. *,
* ..., , * *,


You could see an ogre.

Vanquished Creatures
  A hound (D:4)
  An orc wizard (D:3)
  A worker ant (D:4)
  3 adders
  A howler monkey skeleton (D:4)
  2 worms
  4 orcs (D:3)
  A ball python (Sewer)
  2 goblins
  2 hobgoblins
  4 jackals (D:3)
  2 quokkas
  A bat (D:1)
  3 frilled lizards
  3 kobolds
  2 rats (D:3)
33 creatures vanquished.

Notes
Turn   | Place    | Note
-------+----------+-------------------------------------------
     0 | D:1      | Gorglomux the Deep Dwarf Fighter began the quest for the Orb.
     0 | D:1      | Reached XP level 1. HP: 20/20 MP: 1/1
   365 | D:2      | Reached XP level 2. HP: 25/27 MP: 2/2
   418 | D:3      | Reached skill level 3 in Fighting
   423 | D:3      | Reached XP level 3. HP: 22/34 MP: 3/3
   434 | D:3      | Reached skill level 3 in Axes
   436 | D:3      | Found a blossoming altar of Fedhas.
   438 | D:3      | Found an ancient bone altar of Kikubaaqudgha.
   613 | D:3      | Found a shadowy altar of Dithmenos.
   916 | D:3      | Reached XP level 4. HP: 20/42 MP: 4/4
   925 | D:3      | Found a glowing drain.
   944 | Sewer    | Entered a sewer
  1095 | D:4      | Found Uruster's Weapon Boutique.
  1200 | D:4      | Noticed an ogre
  1210 | D:4      | Reached XP level 5. HP: 20/49 MP: 5/5
  1211 | D:4      | Mangled by an ogre

Vault maps used:
D:1:      matt_arrival_refuge
D:3:      grunt_temple_overflow_growth_and_decay,
          nicolae_overflow_crystal_walls, portal_sewer_entry_a
D:4:      lemuel_round_altar, minmay_temple_entry_mist, first_ration,
          serial_shops, shop, shop, shop, shop, kennysheep_mini
Sewer:    sewer_co_cracked_pipes

Skill      XL: |  1  2  3  4 |
---------------+-------------+-----
Fighting       | 3 |  3.5
Axes           | 3 |  3.4
Armour         | 4 |  4.3
Shields        | 4 |  4.2

Action                   |  1- 3 |  4- 6 || total
-------------------------+-------+-------++-------
Melee: War axe           |    62 |    56 ||   118
 Abil: Heal Wounds       |       |     1 ||     1
  Eat: Chunk             |       |     1 ||     1
Armor: Scale mail        |    25 |    12 ||    37
       Crystal plate arm |       |    15 ||    15
Dodge: Dodged            |    21 |    19 ||    40
Block: Shield            |    42 |    31 ||    73

Table legend:
 A = Spawn XP
 B = Non-spawn XP
 C = Spawn XP percentage of total XP
 D = Spawn monster count
 E = Non-spawn monster count
 F = Spawn count percentage of total count
 G = Total turns spent on level
                    A         B        C        D         E        F      G
               +---------+---------+-------+---------+---------+-------+---------
         Total |       0 |     221 |   0.0 |       0 |      33 |   0.0 |  1211
               +---------+---------+-------+---------+---------+-------+---------
           D:1 |       0 |       3 |   0.0 |       0 |       2 |   0.0 |   331
           D:2 |       0 |      25 |   0.0 |       0 |       7 |   0.0 |    84
           D:3 |       0 |      88 |   0.0 |       0 |      18 |   0.0 |   614
           D:4 |       0 |     102 |   0.0 |       0 |       4 |   0.0 |   148
         Sewer |       0 |       3 |   0.0 |       0 |       2 |   0.0 |    34
               +---------+---------+-------+---------+---------+-------+---------
